 Dungeon Crawl Stone Soup version 0.23-a0-38-g6d804a8 (console) character file.

8684 nht the Slicer (level 11, -13/81 HPs)
             Began as a Merfolk Assassin on Aug 5, 2018.
             Was a High Priest of Okawaru.
             Mangled by a sun demon (19 damage)
             ... on level 2 of the Abyss.
             The game lasted 00:27:18 (11351 turns).

nht the Slicer (Merfolk Assassin)                  Turns: 11351, Time: 00:27:18

Health: -13/81     AC: 10    Str: 15    XL:     11   Next: 34%
Magic:  23/23      EV: 15    Int: 10    God:    Okawaru [*****.]
Gold:   625        SH:  0    Dex: 16    Spells: 9/10 levels left

rFire    . . .     SeeInvis .   G - +6 halberd {drain, +Inv rC+}
rCold    + + .     Gourm    .   (shield currently unavailable)
rNeg     . . .     Faith    .   t - +0 ring mail {rPois}
rPois    +         Spirit   .   x - +2 helmet
rElec    .         Reflect  .   d - +0 cloak
rCorr    .         Harm     .   (no gloves)
MR       .....                  s - +0 pair of boots
Stlth    +++.......             (no amulet)
HPRegen  0.23/turn              q - ring of magical power
MPRegen  0.18/turn              m - ring of protection from cold

@: no status effects
A: change form in water, swift swim, stealthy swim
a: Heroism, Finesse, Renounce Religion, Evoke Invisibility


You were on level 2 of the Abyss.
You worshipped Okawaru.
Okawaru was extremely pleased with you.
You were not hungry.

You visited 1 branch of the dungeon, and saw 10 of its levels.
You visited the Abyss 1 time.
You also visited: Ossuary.

You collected 625 gold pieces.

Inventory:

Hand Weapons
 b - a +0 blowgun
 z - a +0 vampiric short sword
 G - the +6 halberd of the Other Side (weapon) {drain, +Inv rC+}
   (You found it on level 9 of the Dungeon)

   A truly terrible weapon, it drains the life of those it strikes.
   It protects you from cold.
   It lets you turn invisible.
Missiles
 e - 72 poisoned needles
 f - 2 curare-tipped needles
 i - 4 poisoned tomahawks
 j - 3 throwing nets
 n - 3 poisoned javelins
 u - 3 steel javelins (quivered)
 D - 6 needles of sleeping
Armour
 d - a +0 cloak (worn)
 s - a +0 pair of boots (worn)
 t - a +0 ring mail of poison resistance (worn)
 x - a +2 helmet (worn)
 E - a +0 buckler
Jewellery
 m - a ring of protection from cold (right hand)
 o - an uncursed ring of positive energy
 q - a ring of magical power (left hand)
Wands
 B - a wand of digging (9)
 H - a wand of random effects (11)
Scrolls
 a - a scroll of fear
 c - 4 scrolls of enchant weapon
 h - a scroll of enchant armour
 r - 4 scrolls of teleportation
 v - a scroll of amnesia
 y - 3 scrolls of identify
 A - 3 scrolls of magic mapping
 C - a scroll of blinking
Potions
 k - a potion of brilliance
 l - a potion of haste
 p - a potion of curing
 w - 4 potions of flight
Comestibles
 g - 25 rations
 F - 2 chunks of flesh


   Skills:
 - Level 5.7 Fighting
 - Level 12.0 Short Blades
 + Level 7.6 Polearms
 - Level 7.3 Throwing
 - Level 6.5 Dodging
 - Level 6.5 Stealth
 - Level 3.5 Shields
 - Level 4.6 Charms
 - Level 5.1 Invocations


You had 9 spell levels left.
You knew the following spells:

 Your Spells              Type           Power        Failure   Level  Hunger
a - Infusion              Chrm           #...         12%         1    ##.....

Your spell library contained the following spells:

 Spells                   Type           Power        Failure   Level  Hunger
 Regeneration             Chrm/Necr      #.........   65%         3    ####...
 Shroud of Golubria       Chrm/Tloc      #.........   41%         2    ###....
 Song of Slaying          Chrm           #.......     17%         2    ###....
 Spectral Weapon          Hex/Chrm       #.......     65%         3    ####...


Dungeon Overview and Level Annotations

Branches:
Dungeon (10/15)            Temple (0/1) D:7            Lair (0/6) D:9
    Orc: D:9-12

Altars:
Dithmenos
Elyvilon
Fedhas
Gozag
Nemelex Xobeh
Okawaru
Qazlal
Ru
Sif Muna
Xom
Yredelemnul

Annotations:
D:6 3 runed doors, Daviar's ghost, novice DrFE
D:10 Sonja


Message History

You slash the sun demon!
The sun demon is moderately wounded.
The sun demon hits you!
You are engulfed in flames!
The sun demon hits you!
You are engulfed in flames!
Attack whom?
Press: ? - help, Dir - move target cursor, f/p - sun demon
Aim: a sun demon (moderately wounded)
You closely miss the sun demon.
The sun demon is moderately wounded.
The sun demon hits you.
* * * LOW HITPOINT WARNING * * *
You are engulfed in flames!!
* * * LOW HITPOINT WARNING * * *
Attack whom?
Press: ? - help, Dir - move target cursor, f/p - sun demon
Aim: a sun demon (moderately wounded)
You puncture the sun demon!
The sun demon is heavily wounded.
The sun demon hits you!!
You die... ███████

██...█.██
█..█..█.█
█.██.█.█
.█@....█████
█..██3..█.██.
██ ██.
█..██.█ ...█
.█
██.███..██.█
█ ... █..█.█
███.█ ███.█.█
██████.█ █
██. . . █ █
█..█.█


You could see a sun demon.

Vanquished Creatures
  Harold (D:8)
  2 two-headed ogres (D:10)
  2 dream sheep (D:9)
  A raiju (Abyss:2)
  A hippogriff (D:9)
  A wraith (D:8)
  6 yaks
  Sigmund (D:4)
  Menkaure (D:4)
  Edmund (D:6)
  A water moccasin (D:6)
  2 orc warriors
  Duvessa (D:4)
  2 sky beasts
  2 phantoms
  A centaur (D:7)
  A small abomination (Abyss:2)
  3 ogres (D:8)
  4 big kobolds
  6 bullfrogs
  2 water moccasin zombies (Ossuary)
  Dowan (D:4)
  3 scorpions
  5 howler monkeys
  6 crimson imps
  A bullfrog zombie (D:9)
  7 orc priests
  Terence (D:3)
  5 hounds
  A jelly (D:5)
  12 orc wizards
  A bullfrog skeleton (D:4)
  A gnoll shaman (D:6)
  2 iguanas
  Ijyb (D:5)
  11 worker ants
  3 big kobold zombies (Ossuary)
  2 hound skeletons
  2 mummies (Ossuary)
  Robin (D:4)
  14 gnolls
  11 adders
  6 adder zombies
  3 adder skeletons
  2 worms (D:2)
  2 dart slugs (D:4)
  2 leopard geckos
  48 orcs
  7 bats
  5 giant cockroaches
  5 gnoll zombies (Ossuary)
  19 goblins
  15 hobgoblins
  4 jackals (D:2)
  A quokka (D:6)
  3 frilled lizards
  7 hobgoblin zombies (Ossuary)
  13 kobolds
  3 kobold zombies (Ossuary)
  3 orc zombies (Ossuary)
  2 quokka skeletons
  8 rats
291 creatures vanquished.

Vanquished Creatures (collateral kills)
  A hydra (D:9)
  A big kobold (D:9)
2 creatures vanquished.

Vanquished Creatures (others)
  2 starspawn tentacles (Abyss:2)
2 creatures vanquished.

Grand Total: 295 creatures vanquished

Notes
Turn   | Place    | Note
-------+----------+-------------------------------------------
     0 | D:1      | nht the Merfolk Assassin began the quest for the Orb.
     0 | D:1      | Reached XP level 1. HP: 16/16 MP: 1/1
   175 | D:1      | Reached skill level 3 in Short Blades
   215 | D:1      | Reached XP level 2. HP: 22/22 MP: 2/2
   476 | D:1      | Reached skill level 4 in Short Blades
   521 | D:1      | Reached XP level 3. HP: 27/27 MP: 3/3
  1254 | D:2      | Reached skill level 5 in Short Blades
  1436 | D:2      | Found a blossoming altar of Fedhas.
  1439 | D:2      | Reached XP level 4. HP: 28/33 MP: 4/4
  1570 | D:3      | Noticed Terence
  1602 | D:3      | Killed Terence
  1926 | D:3      | Reached skill level 6 in Short Blades
  1940 | D:3      | Reached XP level 5. HP: 24/38 MP: 5/5
  2260 | D:4      | Found a shimmering altar of Xom.
  2262 | D:4      | Noticed Robin
  2390 | D:4      | Reached skill level 7 in Short Blades
  2390 | D:4      | Reached XP level 6. HP: 38/44 MP: 6/6
  2416 | D:4      | Found a sand-covered staircase.
  2428 | Ossuary  | Entered an ossuary
  2604 | Ossuary  | Reached skill level 8 in Short Blades
  3229 | Ossuary  | Reached XP level 7. HP: 26/50 MP: 7/7
  3481 | D:4      | Reached skill level 9 in Short Blades
  3497 | D:4      | Killed Robin
  3597 | D:4      | Noticed Sigmund
  3602 | D:4      | Killed Sigmund
  3602 | D:4      | Reached skill level 10 in Short Blades
  3984 | D:4      | Reached XP level 8. HP: 51/56 MP: 8/8
  4037 | D:4      | Found a deep blue altar of Sif Muna.
  4061 | D:4      | Noticed Duvessa
  4062 | D:4      | Noticed Dowan
  4071 | D:4      | Killed Duvessa
  4071 | D:4      | Reached skill level 11 in Short Blades
  4074 | D:4      | Killed Dowan
  4119 | D:4      | Noticed Menkaure
  4125 | D:4      | Killed Menkaure
  4486 | D:4      | Found an iron altar of Okawaru.
  4502 | D:4      | Became a worshipper of Warmaster Okawaru
  4564 | D:5      | Entered Level 5 of the Dungeon
  4621 | D:5      | Found a sacrificial altar of Ru.
  4724 | D:5      | Reached skill level 12 in Short Blades
  4809 | D:5      | Reached skill level 1 in Invocations
  4853 | D:5      | Found a white marble altar of Elyvilon.
  4955 | D:5      | Noticed Ijyb
  4987 | D:5      | Killed Ijyb
  5119 | D:5      | Learned a level 1 spell: Infusion
  5328 | D:5      | Reached XP level 9. HP: 63/63 MP: 10/10
  5344 | D:5      | Found a stormy altar of Qazlal.
  5563 | D:5      | Found a basalt altar of Yredelemnul.
  5701 | D:6      | Reached skill level 1 in Charms
  5726 | D:6      | Reached * piety under Okawaru
  5831 | D:6      | Found a sparkling altar of Nemelex Xobeh.
  5846 | D:6      | Noticed Edmund
  5895 | D:6      | Killed Edmund
  5901 | D:6      | Found a runed gate.
  5901 | D:6      | Noticed Daviar's ghost (novice DrFE)
  5913 | D:6      | Found a runed gate.
  5913 | D:6      | Found a runed gate.
  5957 | D:6      | Found an opulent altar of Gozag.
  6478 | D:7      | Reached ** piety under Okawaru
  6530 | D:7      | Reached skill level 5 in Throwing
  6677 | D:7      | Found a staircase to the Ecumenical Temple.
  6692 | D:7      | Reached skill level 1 in Shields
  7570 | D:8      | Reached skill level 5 in Stealth
  7667 | D:8      | Reached XP level 10. HP: 73/73 MP: 0/12
  7892 | D:8      | Reached skill level 5 in Dodging
  8127 | D:8      | Noticed Harold
  8155 | D:8      | Killed Harold
  8183 | D:8      | Reached *** piety under Okawaru
  8404 | D:8      | Reached skill level 5 in Fighting
  8458 | D:8      | Received a gift from Okawaru
  8776 | D:8      | Found a shadowy altar of Dithmenos.
  9514 | D:9      | Noticed a three-headed hydra
  9533 | D:9      | Reached skill level 5 in Invocations
  9535 | D:9      | Killed a three-headed hydra
  9535 | D:9      | Reached **** piety under Okawaru
  9535 | D:9      | Reached XP level 11. HP: 18/81 MP: 14/14
  9546 | D:9      | Got a scorched halberd
  9547 | D:9      | Identified the +6 halberd of the Other Side {drain, +Inv rC+} (You found it on level 9 of the Dungeon)
  9880 | D:9      | Reached skill level 1 in Polearms
 10209 | D:9      | Found a staircase to the Lair.
 10736 | D:10     | Entered Level 10 of the Dungeon
 10785 | D:10     | Noticed a two-headed ogre
 10794 | D:10     | Killed a two-headed ogre
 10794 | D:10     | Reached skill level 5 in Polearms
 11109 | D:10     | Noticed a two-headed ogre
 11112 | D:10     | Noticed Sonja
 11137 | D:10     | Killed a two-headed ogre
 11147 | D:10     | Cast into level 2 of the Abyss (Sonja)
 11175 | Abyss:2  | Found a corrupted altar of Lugonu.
 11194 | Abyss:2  | Noticed a starcursed mass
 11206 | Abyss:2  | Found a corrupted altar of Lugonu.
 11233 | Abyss:2  | Noticed a worldbinder
 11236 | Abyss:2  | Noticed a tentacled starspawn
 11276 | Abyss:2  | Reached ***** piety under Okawaru
 11340 | Abyss:2  | Noticed a sun demon
 11351 | Abyss:2  | Mangled by a sun demon

Vault maps used:
D:1:      sevenhm_arrival_forest_fort_large_2
D:2:      first_ration, fedhas_altar_1
D:3:      uniq_terence
D:4:      kennysheep_okawaru_gauntlet, kennysheep_little_box,
          lemuel_crystal_altar, nicolae_ossuary_entry_monument, uniq_duvessa,
          uniq_robin, uniq_menkaure, uniq_sigmund
D:5:      kennysheep_ying_yang, nicolae_ru_sacrificial_ziggurat,
          nicolae_sextant, nicolae_qazlal_style_of_elements, uniq_ijyb
D:6:      lemuel_round_altar, kennysheep_mini_moat, gammafunk_ghost_split,
          uniq_edmund
D:7:      temple_statues
D:8:      nicolae_overflow_hidden_temple, uniq_harold
D:9:      lair_entry_dummy, hangedman_ranch
D:10:     uniq_sonja
Ossuary:  ossuary_tomb_2

Skill      XL: |  1  2  3  4  5  6  7  8  9 10 11 |
---------------+----------------------------------+-----
Short Blades   | 3 4 5 6 7 8 10 12 | 12.0
Dodging        | 2 4 6 |  6.5
Invocations    | 1 3 5 |  5.1
Throwing       | 3 5 7 |  7.3
Fighting       | 3 4 5 |  5.7
Charms         | 3 4 |  4.6
Shields        | 1 3 |  3.5
Stealth        | 5 6 |  6.5
Polearms       | 7 |  7.6

Action                   |  1- 3 |  4- 6 |  7- 9 | 10-12 || total
-------------------------+-------+-------+-------+-------++-------
Melee: Dagger            |    66 |       |       |       ||    66
       Short sword       |    59 |   248 |   878 |   455 ||  1640
       Tailslap          |       |       |       |     4 ||     4
       Halberd           |       |       |       |    48 ||    48
 Fire: Blowgun           |       |     4 |     6 |       ||    10
Throw: Javelin           |       |     1 |     9 |     6 ||    16
       Tomahawk          |       |       |    11 |     5 ||    16
 Cast: Infusion          |       |       |    15 |    10 ||    25
Invok: Heroism           |       |       |     1 |     4 ||     5
 Abil: Evoke Invisibilit |       |       |       |     1 ||     1
Evoke: Wand              |       |       |       |    12 ||    12
       Box of beasts     |       |       |       |     5 ||     5
  Use: Scroll            |     7 |     3 |    14 |     1 ||    25
       Potion            |       |       |     8 |     3 ||    11
 Stab: Sleeping          |     7 |     4 |     2 |     4 ||    17
       Distracted        |       |       |       |     1 ||     1
       Paralysed         |       |       |       |     1 ||     1
  Eat: Chunk             |     2 |     3 |    10 |    12 ||    27
       Ration            |       |     1 |     3 |       ||     4
Armor: Robe              |    16 |       |       |       ||    16
       Leather armour    |    23 |    68 |   149 |       ||   240
       Ring mail         |       |       |    20 |    90 ||   110
Dodge: Dodged            |    72 |   107 |   329 |   159 ||   667
Block: Buckler           |       |       |    22 |    58 ||    80

Table legend:
 A = Spawn XP
 B = Non-spawn XP
 C = Spawn XP percentage of total XP
 D = Spawn monster count
 E = Non-spawn monster count
 F = Spawn count percentage of total count
 G = Total turns spent on level
                    A         B        C        D         E        F      G
               +---------+---------+-------+---------+---------+-------+---------
         Total |       0 |   12407 |   0.0 |       0 |     293 |   0.0 | 11351
               +---------+---------+-------+---------+---------+-------+---------
           D:1 |       0 |      37 |   0.0 |       0 |      23 |   0.0 |   930
           D:2 |       0 |      47 |   0.0 |       0 |      17 |   0.0 |   632
           D:3 |       0 |     211 |   0.0 |       0 |      29 |   0.0 |  1128
           D:4 |       0 |    1198 |   0.0 |       0 |      51 |   0.0 |   888
           D:5 |       0 |     552 |   0.0 |       0 |      19 |   0.0 |  1021
           D:6 |       0 |     953 |   0.0 |       0 |      25 |   0.0 |   683
           D:7 |       0 |     915 |   0.0 |       0 |      26 |   0.0 |  1209
           D:8 |       0 |    3271 |   0.0 |       0 |      37 |   0.0 |  1543
           D:9 |       0 |    2662 |   0.0 |       0 |      28 |   0.0 |  1677
          D:10 |       0 |    1875 |   0.0 |       0 |       6 |   0.0 |   411
       Abyss:2 |       0 |     368 |   0.0 |       0 |       2 |   0.0 |   204
       Ossuary |       0 |     318 |   0.0 |       0 |      30 |   0.0 |  1025
               +---------+---------+-------+---------+---------+-------+---------
